AoeStats
← ScotJ

Arabia

510804865Analyzed
3v3 RM · 12h ago on Oct 2, 2026· 35m 33s· 6 players
Game mode
Random Map
Map size
Normal (6 player)
Population
200
Speed
Normal
Resources
Standard
Victory
Conquest
Starting age
Dark Age
Ending age
Imperial Age
RankedLock teamsTeams togetherTeam positionsShared explorationLock speedFull tech treeHidden civsTurbo modeCheats
Victory
Defeat
🇲🇽 Mongols · Mexico
1293
+15
🇧🇪 Franks · Belgium
1279
+16
🇪🇸 Inca · Spain
1250
+16
🇬🇧 Danes · United Kingdom
1282
-16
🇬🇧 Varangians · United Kingdom
1281
-16
🇬🇧 Saxons · United Kingdom
1246
-15
Nate The Great
6:44 Loom
6:48 Loom
9:22 Feudal Age
10:10 Man-at-Arms
10:45 Arson
10:53 Double-Bit Axe
12:08 Horse Collar
21:05 Castle Age
21:19 Pikeman
22:23 Scale Mail Armor
25:34 Wheelbarrow
25:11 Bow Saw
25:02 Heavy Plow
25:14 Fletching
27:24 Bodkin Arrow
27:29 Padded Archer Armor
29:15 Elite Skirmisher
leech
7:22 Loom
9:35 Feudal Age
19:03 Wheelbarrow
19:26 Double-Bit Axe
19:22 Horse Collar
19:32 Gold Mining
23:36 Castle Age
22:33 Forging
22:23 Scale Mail Armor
23:33 Arson
23:09 Man-at-Arms
24:03 Gambesons
24:23 Squires
25:43 Bow Saw
25:31 Long Swordsman
30:23 Pikeman
32:20 Chain Mail Armor
32:50 Iron Casting
ScotJ
5:56 Loom
9:15 Feudal Age
10:08 Double-Bit Axe
11:34 Bloodlines
11:08 Horse Collar
18:02 Wheelbarrow
22:41 Castle Age
22:12 Fletching
22:18 Gold Mining
23:56 Bow Saw
23:46 Heavy Plow
24:30 Padded Archer Armor
24:29 Bodkin Arrow
28:07 Husbandry
32:27 Hand Cart
mcriano22
7:59 Loom
10:11 Feudal Age
10:13 Champi Runner
11:02 Double-Bit Axe
14:44 Scale Mail Armor
16:56 Forging
17:27 Horse Collar
17:50 Town Watch
18:53 Gold Mining
19:19 Stone Mining
21:12 Wheelbarrow
21:00 Arson
25:18 Castle Age
26:15 Squires
27:03 Chain Mail Armor
26:44 Champi Warrior
28:24 Iron Casting
30:07 Fletching
34:24 Imperial Age
34:35 Elite Champi Warrior
Chiki_Chiki_BANGBANG
8:56 Loom
10:59 Feudal Age
17:15 Castle Age
32:52 Wheelbarrow
34:53 Scale Barding Armor
36:12 Husbandry
higuilopez
5:34 Loom
7:59 Feudal Age
9:00 Double-Bit Axe
13:40 Forging
13:34 Horse Collar
16:12 Wheelbarrow
20:19 Castle Age
19:37 Bloodlines
19:36 Scale Barding Armor
22:03 Chain Barding Armor
21:45 Husbandry
23:12 Bow Saw
29:20 Heavy Plow
31:01 Hand Cart
31:18 Gold Mining
32:02 Stone Mining
32:19 Town Watch
33:13 Gold Shaft Mining
33:36 Stone Shaft Mining
Connection lost

Rejoining the realm…

Still unreachable

The connection could not be restored.

Session expired

The server has moved on; the page needs a fresh start.